[ AOE2 MATCH · #505281052 ]
UnrankedAztecs vs Poles
Player's team · LOSS
Rival team · WIN
[ REPLAY ANALYSIS · EXTRACTED FROM THE RECORDED GAME ]
Feudal
11:46
Castle
21:34
Imperial
29:53
| APM avg | 51.6 |
| APM peak | 131 |
| eAPM avg | 28.4 |
| Villagers / military | 125 / 170 |
Focus
⚔️ 40.6% · 🌾 59.4%
Spearman ×83 · Monk ×33 · Eagle Scout ×33 · Trebuchet (Packed) ×11 · Archer ×4 · Militia ×4
Feudal
12:46
Castle
17:38
Imperial
33:51
| APM avg | 61.8 |
| APM peak | 135 |
| eAPM avg | 43.5 |
| Villagers / military | 189 / 136 |
Focus
⚔️ 51.2% · 🌾 48.8%
Scout Cavalry ×61 · Archer ×39 · Obuch ×21 · Trebuchet (Packed) ×7 · Monk ×2 · Petard ×2
Match map
Initial resources + every placement click. Lines = walls · curves = elevation contours. ◆ gold · ⬟ stone · ● berries · ✦ relic · ◌ wall gap
Your base· ✓ Closed at 21:34 · 35t walls · 1 gate(s)
Consciousness's base· ✓ Closed at 17:38 · 37t walls · 1 gate(s)
Smoothed initial terrain · ◌ = detected wall gap · hover for details
Inputs per minute
— Ceeelebrate - - Consciousness
Build order — Ceeelebrate
First 150 of 464 actions detected
| 0:00 | Create | Villager (Male) |
| 0:00 | Create | Villager (Male) |
| 0:02 | Build | House |
| 0:03 | Build | House |
| 0:13 | Create | Villager (Male) |
| 0:14 | Create | Villager (Male) |
| 0:14 | Create | Villager (Male) |
| 0:19 | Research | Loom |
| 0:19 | Create | Villager (Male) |
| 0:20 | Create | Villager (Male) |
| 0:20 | Create | Villager (Male) |
| 0:42 | Build | Palisade Wall |
| 1:58 | Create | Villager (Male) |
| 2:46 | Create | Villager (Male) |
| 3:02 | Build | Palisade Wall |
| 3:03 | Build | Palisade Wall |
| 3:07 | Build | Palisade Wall |
| 3:17 | Build | Palisade Wall |
| 3:18 | Build | Palisade Wall |
| 3:19 | Build | Palisade Wall |
| 3:25 | Create | Villager (Male) |
| 3:30 | Build | Palisade Wall |
| 3:37 | Build | Lumber Camp |
| 3:57 | Create | Villager (Male) |
| 4:22 | Create | Villager (Male) |
| 4:34 | Build | House |
| 4:49 | Create | Villager (Male) |
| 4:49 | Create | Villager (Male) |
| 5:14 | Create | Villager (Male) |
| 5:32 | Create | Villager (Male) |
| 5:50 | Create | Villager (Male) |
| 6:13 | Create | Villager (Male) |
| 6:13 | Create | Villager (Male) |
| 6:45 | Build | House |
| 6:56 | Create | Villager (Male) |
| 6:57 | Create | Villager (Male) |
| 7:29 | Create | Villager (Male) |
| 7:34 | Build | Barracks |
| 8:12 | Create | Villager (Male) |
| 8:35 | Create | Villager (Male) |
| 8:59 | Create | Villager (Male) |
| 9:06 | Build | Mining Camp |
| 9:18 | Build | Mill |
| 9:36 | Research | Feudal Age |
| 9:49 | Create | Militia |
| 10:23 | Create | Militia |
| 10:23 | Create | Militia |
| 10:24 | Create | Militia |
| 10:29 | Build | House |
| 11:20 | Create | Villager (Male) |
| 11:20 | Create | Villager (Male) |
| 11:46 | Age | Feudal Age |
| 11:47 | Build | Watch Tower |
| 11:48 | Research | Man-at-Arms (upgrade) |
| 11:50 | Create | Villager (Male) |
| 11:54 | Build | Archery Range |
| 11:56 | Build | Blacksmith |
| 12:16 | Research | Double-Bit Axe |
| 12:46 | Research | Fletching |
| 12:57 | Create | Villager (Male) |
| 13:00 | Create | Archer |
| 13:08 | Research | Town Watch |
| 13:11 | Build | House |
| 13:21 | Create | Villager (Male) |
| 13:38 | Create | Archer |
| 13:39 | Create | Villager (Male) |
| 13:53 | Create | Villager (Male) |
| 14:00 | Research | Horse Collar |
| 14:04 | Build | Farm |
| 14:05 | Build | Farm |
| 14:18 | Create | Villager (Male) |
| 14:35 | Create | Villager (Male) |
| 14:37 | Research | Gold Mining |
| 14:37 | Research | Gold Mining |
| 14:42 | Create | Archer |
| 14:46 | Build | House |
| 14:48 | Build | Farm |
| 14:50 | Build | Farm |
| 14:51 | Build | Farm |
| 14:56 | Create | Villager (Male) |
| 14:59 | Build | Farm |
| 15:06 | Build | Farm |
| 15:19 | Create | Archer |
| 15:21 | Create | Villager (Male) |
| 15:39 | Create | Villager (Male) |
| 16:04 | Create | Villager (Male) |
| 16:04 | Create | Villager (Male) |
| 16:09 | Create | Villager (Male) |
| 16:12 | Build | Farm |
| 16:14 | Build | Farm |
| 16:34 | Research | Wheelbarrow |
| 16:36 | Build | House |
| 16:37 | Build | House |
| 16:38 | Create | Villager (Male) |
| 16:53 | Create | Villager (Male) |
| 17:09 | Create | Villager (Male) |
| 17:13 | Build | Farm |
| 17:14 | Build | Farm |
| 17:38 | Build | Farm |
| 18:16 | Create | Villager (Male) |
| 18:54 | Research | Castle Age |
| 19:11 | Build | Mining Camp |
| 19:18 | Build | Stone Wall |
| 19:25 | Build | Lumber Camp |
| 19:45 | Build | Gate |
| 20:03 | Create | Villager (Male) |
| 20:23 | Create | Villager (Male) |
| 20:32 | Build | Stone Wall |
| 20:34 | Build | House |
| 20:44 | Build | Stone Wall |
| 20:57 | Create | Villager (Male) |
| 21:06 | Build | Stone Wall |
| 21:34 | Age | Castle Age |
| 21:36 | Build | Monastery |
| 21:37 | Build | Monastery |
| 21:38 | Create | Villager (Male) |
| 21:50 | Build | Stone Wall |
| 22:02 | Create | Monk |
| 22:05 | Create | Villager (Male) |
| 22:12 | Research | Redemption |
| 22:17 | Build | House |
| 22:18 | Create | Monk |
| 22:40 | Build | Lumber Camp |
| 22:42 | Create | Monk |
| 22:47 | Create | Villager (Male) |
| 22:59 | Create | Monk |
| 23:05 | Create | Villager (Male) |
| 23:55 | Create | Villager (Male) |
| 23:55 | Create | Villager (Male) |
| 24:24 | Create | Villager (Male) |
| 24:24 | Create | Villager (Male) |
| 24:29 | Build | Monastery |
| 24:31 | Create | Villager (Male) |
| 24:38 | Build | Mining Camp |
| 24:39 | Create | Villager (Male) |
| 24:42 | Create | Villager (Male) |
| 24:42 | Create | Villager (Male) |
| 24:52 | Create | Villager (Male) |
| 25:05 | Build | Gate |
| 25:07 | Build | House |
| 25:10 | Create | Villager (Male) |
| 25:23 | Create | Villager (Male) |
| 25:30 | Create | Villager (Male) |
| 25:34 | Build | Mining Camp |
| 25:35 | Create | Villager (Male) |
| 25:50 | Create | Villager (Male) |
| 26:00 | Build | Market |
| 26:13 | Build | Siege Workshop |
| 26:16 | Create | Villager (Male) |
| 26:43 | Research | Imperial Age |
Build order — Consciousness
First 150 of 631 actions detected
| 0:00 | Create | Villager (Male) |
| 0:02 | Build | House |
| 0:03 | Build | House |
| 0:18 | Research | Loom |
| 0:23 | Create | Villager (Male) |
| 0:39 | Create | Villager (Male) |
| 0:39 | Create | Villager (Male) |
| 1:54 | Create | Villager (Male) |
| 2:44 | Create | Villager (Male) |
| 2:58 | Build | Palisade Wall |
| 2:59 | Build | Palisade Wall |
| 3:00 | Build | Palisade Wall |
| 3:01 | Build | Palisade Wall |
| 3:03 | Build | Palisade Wall |
| 3:05 | Build | Palisade Wall |
| 3:08 | Build | Palisade Wall |
| 3:13 | Build | Palisade Wall |
| 3:22 | Create | Villager (Male) |
| 3:30 | Build | Mill |
| 3:53 | Create | Villager (Male) |
| 4:17 | Create | Villager (Male) |
| 4:18 | Create | Villager (Male) |
| 4:44 | Create | Villager (Male) |
| 4:44 | Create | Villager (Male) |
| 5:06 | Create | Villager (Male) |
| 5:28 | Create | Villager (Male) |
| 5:58 | Create | Villager (Male) |
| 6:09 | Build | Lumber Camp |
| 6:17 | Create | Villager (Male) |
| 6:33 | Create | Villager (Male) |
| 6:33 | Create | Villager (Male) |
| 6:51 | Create | Villager (Male) |
| 6:51 | Create | Villager (Male) |
| 6:51 | Create | Villager (Male) |
| 7:03 | Build | House |
| 7:11 | Create | Villager (Male) |
| 7:26 | Create | Villager (Male) |
| 7:54 | Create | Villager (Male) |
| 8:33 | Create | Villager (Male) |
| 9:00 | Create | Villager (Male) |
| 9:28 | Build | House |
| 9:49 | Create | Villager (Male) |
| 10:27 | Create | Villager (Male) |
| 10:34 | Research | Feudal Age |
| 10:39 | Build | Mining Camp |
| 11:11 | Build | Farm |
| 11:16 | Build | Farm |
| 11:17 | Create | Villager (Male) |
| 11:28 | Create | Villager (Male) |
| 11:55 | Build | Farm |
| 12:15 | Build | Palisade Wall |
| 12:18 | Build | Palisade Wall |
| 12:21 | Build | Palisade Wall |
| 12:22 | Build | Palisade Wall |
| 12:36 | Build | Palisade Wall |
| 12:36 | Build | Palisade Wall |
| 12:37 | Build | Palisade Wall |
| 12:46 | Age | Feudal Age |
| 12:50 | Build | Stone Wall |
| 12:53 | Build | Stone Wall |
| 12:55 | Build | Stone Wall |
| 12:56 | Build | Stone Wall |
| 13:00 | Build | Stone Wall |
| 13:03 | Build | Watch Tower |
| 13:08 | Build | Stone Wall |
| 13:08 | Create | Villager (Male) |
| 13:16 | Build | Stone Wall |
| 13:18 | Build | Stone Wall |
| 13:19 | Create | Villager (Male) |
| 13:25 | Build | Market |
| 13:26 | Build | Blacksmith |
| 13:47 | Build | Mining Camp |
| 14:10 | Create | Villager (Male) |
| 14:55 | Build | House |
| 14:58 | Research | Castle Age |
| 15:40 | Build | Gate |
| 15:45 | Build | Stone Wall |
| 15:48 | Build | Stone Wall |
| 15:50 | Build | Stone Wall |
| 15:52 | Build | Stone Wall |
| 15:52 | Build | Stone Wall |
| 16:03 | Build | Stone Wall |
| 16:35 | Research | Fletching |
| 16:44 | Research | Double-Bit Axe |
| 16:47 | Research | Horse Collar |
| 16:49 | Create | Villager (Male) |
| 17:38 | Age | Castle Age |
| 17:41 | Research | Bow Saw |
| 17:44 | Build | Siege Workshop |
| 18:11 | Create | Mangonel |
| 18:18 | Create | Villager (Male) |
| 18:35 | Build | Castle |
| 19:18 | Create | Villager (Male) |
| 19:19 | Create | Villager (Male) |
| 19:36 | Create | Mangonel |
| 19:39 | Build | Farm |
| 19:54 | Create | Obuch |
| 20:06 | Build | Watch Tower |
| 20:21 | Create | Petard |
| 20:24 | Create | Villager (Male) |
| 20:25 | Create | Villager (Male) |
| 20:40 | Build | Farm |
| 21:06 | Create | Villager (Male) |
| 21:08 | Create | Villager (Male) |
| 21:15 | Build | Farm |
| 21:18 | Build | Farm |
| 21:18 | Build | Farm |
| 21:24 | Create | Petard |
| 21:35 | Build | Outpost |
| 21:46 | Create | Villager (Male) |
| 21:50 | Build | Town Center |
| 22:23 | Create | Villager (Male) |
| 22:28 | Create | Obuch |
| 22:29 | Create | Obuch |
| 22:29 | Create | Villager (Male) |
| 22:32 | Build | Mill |
| 22:52 | Create | Villager (Male) |
| 23:15 | Create | Villager (Male) |
| 23:36 | Create | Villager (Male) |
| 23:39 | Create | Villager (Male) |
| 23:41 | Build | Farm |
| 23:41 | Build | Farm |
| 23:41 | Build | Farm |
| 23:57 | Build | Castle |
| 24:06 | Create | Villager (Male) |
| 24:17 | Create | Obuch |
| 24:18 | Create | Obuch |
| 24:34 | Build | Mining Camp |
| 24:40 | Create | Villager (Male) |
| 24:42 | Build | Farm |
| 24:44 | Build | Farm |
| 24:54 | Create | Villager (Male) |
| 24:54 | Create | Villager (Male) |
| 24:54 | Create | Villager (Male) |
| 25:01 | Build | Outpost |
| 25:03 | Create | Villager (Male) |
| 25:34 | Build | Town Center |
| 25:35 | Create | Villager (Male) |
| 25:39 | Build | Farm |
| 25:40 | Build | Farm |
| 25:46 | Build | Outpost |
| 25:49 | Research | Town Watch |
| 25:49 | Create | Villager (Male) |
| 25:58 | Build | Outpost |
| 26:08 | Create | Villager (Male) |
| 26:16 | Create | Villager (Male) |
| 26:25 | Build | Gate |
| 26:28 | Build | Stone Wall |
| 26:37 | Create | Villager (Male) |
| 26:42 | Create | Villager (Male) |
Match timeline
| 0:42 | Ceeelebrate · wall_segment Palisade Wall x9 |
| 2:58 | Consciousness · wall_segment Palisade Wall x1 |
| 2:59 | Consciousness · wall_segment Palisade Wall x1 |
| 3:00 | Consciousness · wall_segment Palisade Wall x1 |
| 3:01 | Consciousness · wall_segment Palisade Wall x1 |
| 3:02 | Ceeelebrate · wall_segment Palisade Wall x1 |
| 3:03 | Consciousness · wall_segment Palisade Wall x1 |
| 3:03 | Ceeelebrate · wall_segment Palisade Wall x1 |
| 3:05 | Consciousness · wall_segment Palisade Wall x1 |
| 3:07 | Ceeelebrate · wall_segment Palisade Wall x1 |
| 3:08 | Consciousness · wall_segment Palisade Wall x1 |
| 3:13 | Consciousness · wall_segment Palisade Wall x1 |
| 3:17 | Ceeelebrate · wall_segment Palisade Wall x1 |
| 3:18 | Ceeelebrate · wall_segment Palisade Wall x1 |
| 3:19 | Ceeelebrate · wall_segment Palisade Wall x1 |
| 3:30 | Ceeelebrate · wall_segment Palisade Wall x1 |
| 7:34 | Ceeelebrate · first_building Barracks |
| 11:46 | Ceeelebrate · age_up feudal |
| 11:54 | Ceeelebrate · first_building Archery Range |
| 12:15 | Consciousness · wall_segment Palisade Wall x4 |
| 12:18 | Consciousness · wall_segment Palisade Wall x3 |
| 12:21 | Consciousness · wall_segment Palisade Wall x1 |
| 12:22 | Consciousness · wall_segment Palisade Wall x8 |
| 12:36 | Consciousness · wall_segment Palisade Wall x1 |
| 12:36 | Consciousness · wall_segment Palisade Wall x1 |
| 12:37 | Consciousness · wall_segment Palisade Wall x1 |
| 12:46 | Consciousness · age_up feudal |
| 12:50 | Consciousness · wall_segment Stone Wall x1 |
| 12:53 | Consciousness · wall_segment Stone Wall x1 |
| 12:55 | Consciousness · wall_segment Stone Wall x1 |
| 12:56 | Consciousness · wall_segment Stone Wall x1 |
| 13:00 | Consciousness · wall_segment Stone Wall x1 |
| 13:08 | Consciousness · wall_segment Stone Wall x1 |
| 13:16 | Consciousness · wall_segment Stone Wall x1 |
| 13:18 | Consciousness · wall_segment Stone Wall x1 |
| 15:45 | Consciousness · wall_segment Stone Wall x1 |
| 15:48 | Consciousness · wall_segment Stone Wall x1 |
| 15:50 | Consciousness · wall_segment Stone Wall x1 |
| 15:52 | Consciousness · wall_segment Stone Wall x1 |
| 15:52 | Consciousness · wall_segment Stone Wall x1 |
| 16:03 | Consciousness · wall_segment Stone Wall x1 |
| 16:47 | Consciousness · first_market_buy 100 food |
| 17:38 | Consciousness · age_up castle |
| 17:44 | Consciousness · first_building Siege Workshop |
| 18:27 | Consciousness · first_market_sell 100 stone |
| 18:35 | Consciousness · first_building Castle |
| 19:18 | Ceeelebrate · wall_segment Stone Wall x8 |
| 20:32 | Ceeelebrate · wall_segment Stone Wall x8 |
| 20:44 | Ceeelebrate · wall_segment Stone Wall x1 |
| 21:06 | Ceeelebrate · wall_segment Stone Wall x2 |
| 21:34 | Ceeelebrate · age_up castle |
| 21:36 | Ceeelebrate · first_building Monastery |
| 21:50 | Ceeelebrate · wall_segment Stone Wall x4 |
| 26:13 | Ceeelebrate · first_building Siege Workshop |
| 26:28 | Consciousness · wall_segment Stone Wall x20 |
| 28:50 | Ceeelebrate · first_building Castle |
| 29:38 | Consciousness · wall_segment Stone Wall x7 |
| 29:40 | Consciousness · wall_segment Stone Wall x1 |
| 29:42 | Consciousness · wall_segment Stone Wall x1 |
| 29:43 | Consciousness · wall_segment Stone Wall x1 |
| 29:53 | Ceeelebrate · age_up imperial |
| 30:04 | Consciousness · first_building Monastery |
| 31:15 | Consciousness · first_building Barracks |
| 31:33 | Ceeelebrate · first_market_sell 100 wood |
| 32:13 | Consciousness · wall_segment Stone Wall x14 |
| 32:17 | Consciousness · wall_segment Stone Wall x4 |
| 32:18 | Consciousness · wall_segment Stone Wall x8 |
| 32:31 | Consciousness · first_building Stable |
| 33:51 | Consciousness · age_up imperial |
| 36:06 | Ceeelebrate · first_market_buy 100 food |
| 42:55 | Consciousness · first_building Archery Range |
| 43:01 | Consciousness · wall_segment Palisade Wall x1 |
| 43:29 | Consciousness · wall_segment Palisade Wall x1 |
| 46:07 | Consciousness · wall_segment Palisade Wall x1 |
| 49:22 | Ceeelebrate · resign |
[ AI ANALYSIS · 1 CREDIT ]
What really happened in this match?
Wolo.gg analyzes every decision: build order, eco, micro, common mistakes by bracket. Personalized analysis on WhatsApp or Discord in 30 seconds.
Civ guide
Aztecs
Perfil
Jugador #2495375